 Dungeon Crawl Stone Soup version 0.28-a0-556-gab23d0e057 (webtiles) character file.

Game seed: 4871452682316504986

1131 shoop the Slasher (level 8, 0/40 HPs)
             Began as a Vine Stalker Warper on Sept 28, 2021.
             Slain by Prince Ribbit (8 damage)
             ... on level 5 of the Dungeon.
             The game lasted 00:18:51 (6704 turns).

shoop the Slasher (Vine Stalker Warper)             Turns: 6704, Time: 00:18:51

Health: 0/40       AC:  4    Str: 14    XL:     8   Next: 36%
Magic:  0/12       EV: 12    Int: 15    God:
Gold:   209        SH:  0    Dex: 14    Spells: 4/11 levels left

rFire   . . .      SeeInvis .   a - +0 falchion
rCold   . . .      Faith    .   (no shield)
rNeg    . . .      Spirit   +   e - +0 leather armour
rPois   +          Reflect  .   E - +1 hat {Stlth+}
rElec   .          Harm     .   (no cloak)
rCorr   .          Rampage  .   (no gloves)
Will    +....                   (no boots)
Stlth   +++.......              (no amulet)
HPRegen 1.13/turn               k - ring of poison resistance
MPRegen 0.13/turn               y - ring of wizardry

@: no status effects
A: fangs 3, regeneration 1, magic shield, antimagic bite, no potion heal 2
a: no special abilities


You were on level 5 of the Dungeon.
You visited 1 branch of the dungeon, and saw 5 of its levels.
You also visited: Ossuary.

You collected 407 gold pieces.
You spent 198 gold pieces at shops.

Inventory:

Hand Weapons
 a - a +0 falchion (weapon)
 b - a +0 dagger
Missiles
 d - 5 boomerangs of dispersal
 q - 4 boomerangs
 t - 14 poisoned darts (quivered)
 u - 6 javelins
Armour
 e - a +0 leather armour (worn)
 n - a +0 pair of boots
 v - a +0 helmet
 E - a +1 hat of stealth (worn)
Jewellery
 k - a ring of poison resistance (left hand)
 y - a ring of wizardry (right hand)
Wands
 A - a wand of acid (6)
 B - a wand of digging (7)
Scrolls
 c - a scroll of blinking
 g - 2 scrolls of enchant armour {unknown}
 i - 2 scrolls of magic mapping {unknown}
 m - 7 scrolls of identify {unknown}
 o - 3 scrolls of immolation {unknown}
 p - 3 scrolls of teleportation {unknown}
 r - a scroll of vulnerability {unknown}
 x - 2 scrolls of noise {unknown}
 z - a scroll of holy word {unknown}
 C - a scroll of fear {unknown}
 F - a scroll of acquirement {unknown}
 G - 2 scrolls of amnesia {unknown}
 K - a scroll of fog {unknown}
Potions
 f - 2 potions of berserk rage
 h - 5 potions of curing
 j - 2 potions of brilliance
 l - 4 potions of flight
 s - 3 potions of attraction
 w - a potion of ambrosia {unknown}
 D - a potion of degeneration {unknown}
 H - a potion of cancellation {unknown}
 I - a potion of resistance {unknown}
 J - a potion of might {unknown}
 L - a potion of heal wounds {unknown}
 M - a potion of invisibility {unknown}
 N - a potion of lignification {unknown}


   Skills:
 + Level 3.1 Fighting
 - Level 6.0 Long Blades
 - Level 1.1 Throwing
 - Level 2.3 Armour
 - Level 2.1 Dodging
 - Level 3.0 Stealth
 - Level 2.3 Spellcasting
 - Level 3.3 Translocations
 + Level 1.9 Transmutations
 + Level 1.8 Earth Magic
 - Level 3.0 Evocations


You had 4 spell levels left.
You knew the following spells:

 Your Spells              Type           Power      Damage    Failure   Level
a - Teleport Other        Tloc           11%        N/A       9%          3
b - Blink                 Tloc           N/A        N/A       4%          2
p - Passwall              Tmut/Erth      5%         N/A       8%          2

Your spell library contained the following spells:

 Spells                   Type           Power      Damage    Failure   Level
 Sandblast                Erth           14%        2d6       5%          1
 Gell's Gravitas          Tloc           5%         N/A       9%          3
 Lesser Beckoning         Tloc           11%        N/A       9%          3
 Stone Arrow              Conj/Erth      8%         3d7       22%         3
 Ignite Poison            Fire/Tmut/Pois 3%         N/A       24%         3
 Passage of Golubria      Tloc           N/A        N/A       26%         4
 Conjure Flame            Conj/Fire      1%         6-21      30%         3
 Tukima's Dance           Hex            1%         N/A       30%         3
 Sticky Flame             Conj/Fire      1%         2d3       67%         4
 Manifold Assault         Tloc           11%        N/A       56%         5
 Yara's Violent Unravell  Hex/Tmut       2%         3d3       86%         5


Dungeon Overview and Level Annotations

Branches:
Dungeon (5/15)            Ossuary (visited)
 Temple: D:4-7

Altars:
Yredelemnul

Shops:
D:2 !

Annotations:
D:4 Eustachio
D:5 Pikel, Prince Ribbit


Innate Abilities, Weirdness & Mutations

You have razor-sharp teeth.
Your natural rate of healing is unusually fast.
When hurt, damage is shared between your health and your magic reserves.
Your bite disrupts and absorbs the magic of your enemies.
Potions cannot restore your health.


Message History

You hit something. Something hits you but does no damage.
You closely miss something. Your bite misses something.
Something hits you but does no damage.
You closely miss something. You bite something. Something hits you.
You hit something. Something barely misses you.
You barely miss something. Something hits you but does no damage.
You closely miss something. Something hits you but does no damage.
You slash something!
Reactivating autopickup.
You feel a bit more experienced.
Things that are here:
a +0 dagger; a +0 robe HP restored.
There is an escape hatch in the floor here.
You slide downwards.
The hatch slams shut behind you.
Level annotation: Pikel, Prince Ribbit The lemure misses you.
Prince Ribbit barely misses you. The lemure misses you.
Prince Ribbit hits you but does no damage.
You closely miss the lemure. The lemure closely misses you.
Prince Ribbit closely misses you. The lemure hits you.
You hit the lemure.
The lemure is lightly wounded.
Prince Ribbit hits you but does no damage.
The lemure misses you. The lemure hits you. Prince Ribbit hits you!
You barely miss the lemure.
The lemure is lightly wounded.
The lemure hits you. The lemure barely misses you. Prince Ribbit hits you.
You barely miss the lemure.
The lemure is lightly wounded.
Prince Ribbit barely misses you. The lemure hits you. x2
You closely miss the lemure.
The lemure is lightly wounded.
Prince Ribbit hits you!
* * * LOW HITPOINT WARNING * * *
The lemure barely misses you. The lemure completely misses you.
Prince Ribbit closely misses you. Prince Ribbit hits you!
You die...

#.... ##.#. #......## .....###...
#.......## #......#?(####........
.......(..##........#
.........(.........
#............#.##
###..........#....#### ..
..........5..##......###
.########.....KF@...###.#...#####
......#####.<..####..##.#........
.# #..###...#.(# #..............
.#####.......#..#######.#........
..#..............### #..........
....##........#....# ##.........
..###..........#.#.### ###.##..#.
...#.........#.#.....### #.###...
.....#.........##...)..###.# ####


You could see Prince Ribbit, Pikel and a lemure.

Vanquished Creatures
  A black bear (D:4)
  An ogre (D:5)
  2 lemures (D:4)
  2 scorpions
  A bullfrog zombie (D:5)
  3 centaur zombies
  An orc priest (D:3)
  4 hounds
  A human zombie (Ossuary)
  A centaur skeleton (D:5)
  3 iguanas
  4 orc wizards
  3 ogre zombies (Ossuary)
  8 mummies
  3 adders
  2 white imps (D:5)
  4 adder zombies (Ossuary)
  2 worms
  8 orcs (D:3)
  10 endoplasms
  4 giant cockroaches
  A gnoll zombie (Ossuary)
  6 goblins
  10 hobgoblins
  2 jackals (D:2)
  8 quokkas
  7 ball pythons
  7 bats
  7 frilled lizards
  4 hobgoblin zombies
  13 kobolds
  5 kobold zombies (Ossuary)
  8 quokka zombies (Ossuary)
  10 rats
  4 rat zombies (Ossuary)
160 creatures vanquished.

Vanquished Creatures (others)
  A fungus (D:1)
  5 plants
6 creatures vanquished.

Grand Total: 166 creatures vanquished

Notes
Turn   | Place    | Note
-------+----------+-------------------------------------------
     0 | D:1      | shoop the Vine Stalker Warper began the quest for the Orb.
     0 | D:1      | Reached XP level 1. HP: 11/11 MP: 4/4
    38 | D:1      | Reached skill level 1 in Armour
   445 | D:1      | Reached skill level 1 in Throwing
   445 | D:1      | Reached XP level 2. HP: 11/15 MP: 4/6
   955 | D:1      | Found a faded altar of an unknown god.
   995 | D:1      | Reached skill level 2 in Long Blades
  1137 | D:1      | Reached XP level 3. HP: 16/18 MP: 5/7
  1847 | D:2      | Learned a level 2 spell: Blink
  1851 | D:2      | Learned a level 3 spell: Teleport Other
  2041 | D:2      | Noticed a phantom
  2317 | D:2      | Found Goklit's Distillery.
  2342 | D:2      | Gained mutation: Your natural rate of healing is unusually
                  | fast. [Vine Stalker growth]
  2342 | D:2      | Reached XP level 4. HP: 19/23 MP: 5/8
  2384 | D:2      | Bought a potion of curing for 33 gold pieces
  2384 | D:2      | Bought a potion of berserk rage for 55 gold pieces
  2384 | D:2      | Bought a potion of flight for 33 gold pieces
  2979 | D:3      | Reached skill level 3 in Long Blades
  2979 | D:3      | Reached XP level 5. HP: 25/26 MP: 7/9
  3365 | D:3      | Noticed an ogre
  3459 | D:2      | Bought a potion of brilliance for 44 gold pieces
  3459 | D:2      | Bought a potion of attraction for 33 gold pieces
  4340 | D:4      | Noticed a black bear
  4429 | D:4      | Reached skill level 1 in Stealth
  4490 | D:4      | Killed a black bear
  4491 | D:4      | Reached skill level 1 in Evocations
  4491 | D:4      | Reached XP level 6. HP: 30/30 MP: 10/10
  4945 | D:5      | Entered Level 5 of the Dungeon
  4955 | D:4      | Reached skill level 4 in Long Blades
  4990 | D:5      | Noticed Eustachio
  5035 | D:5      | Reached XP level 7. HP: 14/35 MP: 2/11
  5078 | D:5      | Found a basalt altar of Yredelemnul.
  5199 | D:5      | Reached skill level 5 in Long Blades
  5433 | D:5      | Found a sand-covered staircase.
  5441 | Ossuary  | Entered an ossuary
  5801 | Ossuary  | Gained mutation: You have razor-sharp teeth. [Vine Stalker
                  | growth]
  5801 | Ossuary  | Reached XP level 8. HP: 38/39 MP: 12/12
  5804 | Ossuary  | Learned a level 2 spell: Passwall
  6094 | Ossuary  | Reached skill level 6 in Long Blades
  6214 | Ossuary  | Reached skill level 1 in Transmutations
  6288 | Ossuary  | Reached skill level 1 in Earth Magic
  6593 | D:5      | Noticed Prince Ribbit
  6635 | D:5      | Noticed Pikel
  6704 | D:5      | Slain by Prince Ribbit

Illustrated notes

Levels and vault maps discovered:
D:1:      sevenhm_arrival_forest_fort_large_4, layout_loops_corners,
          shapermc_ecumenical_altar_mp_ritualfount
D:2:      layout_rooms, serial_shops, nicolae_shop_statue_plus, serial_bayou,
          serial_bayou_pond_b, serial_bayou_pond_a, serial_bayou_pond_d,
          serial_bayou_pond_e, grunt_ministairs_15, feat_on_display
D:3:      minmay_general_purpose_star, layout_loops_ring, minmay_joined_circles
D:4:      layout_cave_pools, serial_column_ruins, column_ruins_grid_1,
          column_ruins_grid_1, column_ruins_open_tiny,
          column_ruins_columns_straight, kennysheep_path_1
D:5:      layout_rooms, yredelemnul_altar_generic, mainiacjoe_overflow_brackets,
          nicolae_ossuary_entry_giza, minmay_a_box_with_orc_wizards_in_it,
          uniq_eustachio, uniq_prince_ribbit1, uniq_pikel

Skill      XL: |  1  2  3  4  5  6  7  8 |
---------------+-------------------------+-----
Armour         | 1 2 |  2.3
Throwing       | 1 |  1.1
Long Blades    | 2 3 4 5 6 |  6.0
Dodging        | 2 |  2.1
Fighting       | 2 3 |  3.1
Stealth        | 1 2 3 |  3.0
Evocations     | 1 3 |  3.0
Transmutations | 1 |  1.9
Earth Magic    | 1 |  1.8
Spellcasting   | |  2.3
Translocations | |  3.3

Action                   |  1- 3 |  4- 6 |  7- 9 || total
-------------------------+-------+-------+-------++-------
Melee: Falchion          |   132 |   177 |   275 ||   584
       Bite              |    26 |    40 |    95 ||   161
       Dagger            |       |       |     1 ||     1
Throw: Dart              |       |    11 |    17 ||    28
 Cast: Blink             |     1 |     1 |     6 ||     8
       Teleport Other    |       |     4 |     1 ||     5
Evoke: Wand              |       |     2 |       ||     2
 Stab: Sleeping          |     1 |       |    16 ||    17
Armor: Leather armour    |    30 |    35 |    77 ||   142
Dodge: Dodged            |    78 |   120 |   154 ||   352

Table legend: (Time is in decaauts)
 A = Elapsed time spent in this place.
 B = Non-inter-level travel time spent in this place.
 C = Inter-level travel time spent in this place.
 D = Time resting spent in this place.
 E = Time spent auto-exploring this place.
 F = Levels seen in this place.
 G = Mean time per level.
                   A        B        C        D        E       F      G
               +--------+--------+--------+--------+--------+-----+--------+
         Total |   6765 |   6404 |    361 |    277 |   4229 |   6 | 1127.5 |
       Dungeon |   5893 |   5532 |    361 |    177 |   3944 |   5 | 1178.6 |
       Ossuary |    871 |    871 |      0 |    100 |    285 |   1 |  871.0 |
               +--------+--------+--------+--------+--------+-----+--------+

Top non-repeatable levels by time:
     D:1: 1890 daAuts
     D:3: 1416 daAuts
     D:2: 1040 daAuts
 Ossuary: 871 daAuts
     D:4: 852 daAuts
     D:5: 693 daAuts
